 Dungeon Sprint DCSS version 0.21.1-1-g345015f (webtiles) character file.

1024 wilfster70 the Covert (level 8, -23/64 HPs)
             Began as a Gnoll Enchanter on Apr 12, 2018.
             Was the Champion of Zin.
             Annihilated by a deep troll (25 damage)
             ... in the Dungeon (Sprint I: "Red Sonja").
             The game lasted 00:02:23 (629 turns).

wilfster70 the Covert (Gnoll Enchanter)              Turns: 629, Time: 00:02:24

Health: -23/64     AC:  2    Str: 12    XL:     8   Next: 22%
Magic:  7/20       EV: 17    Int: 19    God:    Zin [******]
Gold:   373        SH:  0    Dex: 15    Spells: 17/23 levels left

rFire    . . .     SeeInvis .   a - +1 dagger
rCold    . . .     Gourm    .   (no shield)
rNeg     . . .     Faith    .   b - +0 robe
rPois    .         Spirit   .   (no helmet)
rElec    .         Reflect  .   (no cloak)
rCorr    .         Harm     .   (no gloves)
MR       .....     NoTele   +   (no boots)
Stlth    ++++......             (no amulet)
HPRegen  0.20/turn              (no ring)
MPRegen  0.17/turn              (no ring)

@: no status effects
A: distributed training, fangs 1, strong nose
a: Recite, Vitalisation, Imprison, Sanctuary, Donate Gold, Renounce Religion


You were in the Dungeon.
You worshipped Zin.
Zin was exalted by your worship.
You were not hungry.

You visited 1 branch You collected 405 gold pieces.
You donated 32 gold pieces to Zin.

Inventory:

Hand Weapons
 a - a +1 dagger (weapon)
Armour
 b - a +0 robe (worn)
Scrolls
 j - a scroll of blinking
Potions
 e - a potion of curing
 f - 2 potions of heal wounds
 g - a potion of haste
 h - 2 potions of magic
Books
 c - a book of Maledictions

   Spells                             Type                      Level
   a - Corona                         Hexes                        1
   b - Ensorcelled Hibernation        Hexes/Ice                    2
   c - Confuse                        Hexes                        3
   d - Tukima's Dance                 Hexes                        3
   e - Dazzling Spray                 Conjuration/Hexes            3
Comestibles
 d - a ration
 i - 6 chunks of flesh


   Skills:
 + Level 6.2 Fighting
 + Level 6.7 Short Blades
 + Level 6.2 Long Blades
 + Level 6.2 Axes
 + Level 6.2 Maces & Flails
 + Level 6.2 Polearms
 + Level 6.2 Staves
 + Level 6.2 Slings
 + Level 6.2 Bows
 + Level 6.2 Crossbows
 + Level 6.2 Throwing
 + Level 6.2 Armour
 + Level 7.8 Dodging
 + Level 8.7 Stealth
 + Level 6.2 Shields
 + Level 6.2 Unarmed Combat
 + Level 8.0 Spellcasting
 + Level 5.1 Conjurations
 + Level 7.6 Hexes
 + Level 5.1 Charms
 + Level 5.1 Summonings
 + Level 5.1 Necromancy
 + Level 5.1 Translocations
 + Level 5.1 Transmutations
 + Level 5.1 Fire Magic
 + Level 5.1 Ice Magic
 + Level 5.1 Air Magic
 + Level 5.1 Earth Magic
 + Level 5.1 Poison Magic
 + Level 6.8 Invocations
 + Level 6.2 Evocations


You had 17 spell levels left.
You knew the following spells:

 Your Spells              Type           Power        Failure   Level  Hunger
a - Corona                Hex            #####..      1%          1    None
b - Ensorcelled Hibernat  Hex/Ice        ####..       1%          2    None
c - Confuse               Hex            #####...     1%          3    None


Dungeon Overview and Level Annotations

Branches:
Dungeon (1/1)

Altars:
Cheibriados
Dithmenos
Elyvilon
Fedhas
Gozag
Hepliaklqana
Kikubaaqudgha
Nemelex Xobeh
Okawaru
Qazlal
Ru
Sif Muna
Trog
Uskayaw
Vehumet
Wu Jian
Yredelemnul
Zin
The Shining One

Shops:
D =!


Innate Abilities, Weirdness & Mutations

Your experience applies equally to all skills.
You have very sharp teeth.
Your uncanny sense of smell can sniff out nearby items.


Message History

The deep troll resists with some effort.
The deep troll bites you but does no damage.
The deep troll claws you. Zin protects you from harm!
The deep troll barely misses you.
Casting: Ensorcelled Hibernation
Confirm with . or Enter, or press ? or * to list all spells.
Aiming: Ensorcelled Hibernation
Press: ? - help, Shift-Dir - straight line, f/p - deep troll
Aim: a deep troll (chance to defeat MR: 42%)
The deep troll resists with some effort.
The deep troll misses you. x2; The deep troll closely misses you.
Casting: Ensorcelled Hibernation
Confirm with . or Enter, or press ? or * to list all spells.
Aiming: Ensorcelled Hibernation
Press: ? - help, Shift-Dir - straight line, f/p - deep troll
Aim: a deep troll (chance to defeat MR: 42%)
The deep troll resists with some effort.
The deep troll bites you!!
You die...

#..#####'#####'#
#..####..#...#(# ∆∆
#..#__####..##(#
#..#_____##'#_.+
#⌠⌠#_.∩...'..._#
####_..__##_.#+#
∆∆#_____###(#∆ ∆∆∆∆
############.####+###∆
#∩........'.).@T$.$$+∆
###++++####...#######
##.## ∆#+#∆ ∆∆∆∆∆
∆∆∆∆∆ ∆∆∆∆ ∆∆∆


You could see a deep troll.

Vanquished Creatures
  Sonja (D)
  Sigmund (D)
  A yak (D)
  An ogre (D)
  A jelly (D)
  Ijyb (D)
6 creatures vanquished.

Notes
Turn   | Place    | Note
-------+----------+-------------------------------------------
     0 | D        | wilfster70 the Gnoll Enchanter began the quest for the Orb.
     0 | D        | Reached XP level 1. HP: 13/13 MP: 6/6
     1 | D        | Noticed Ijyb
    18 | D        | Killed Ijyb
    18 | D        | Reached skill level 1 in Fighting
    18 | D        | Reached skill level 1 in Long Blades
    18 | D        | Reached skill level 1 in Axes
    18 | D        | Reached skill level 1 in Maces & Flails
    18 | D        | Reached skill level 1 in Polearms
    18 | D        | Reached skill level 1 in Staves
    18 | D        | Reached skill level 1 in Slings
    18 | D        | Reached skill level 1 in Bows
    18 | D        | Reached skill level 1 in Crossbows
    18 | D        | Reached skill level 1 in Throwing
    18 | D        | Reached skill level 1 in Armour
    18 | D        | Reached skill level 1 in Shields
    18 | D        | Reached skill level 1 in Unarmed Combat
    18 | D        | Reached skill level 5 in Spellcasting
    18 | D        | Reached skill level 1 in Conjurations
    18 | D        | Reached skill level 1 in Charms
    18 | D        | Reached skill level 1 in Summonings
    18 | D        | Reached skill level 1 in Necromancy
    18 | D        | Reached skill level 1 in Translocations
    18 | D        | Reached skill level 1 in Transmutations
    18 | D        | Reached skill level 1 in Fire Magic
    18 | D        | Reached skill level 1 in Ice Magic
    18 | D        | Reached skill level 1 in Air Magic
    18 | D        | Reached skill level 1 in Earth Magic
    18 | D        | Reached skill level 1 in Poison Magic
    18 | D        | Reached skill level 1 in Invocations
    18 | D        | Reached skill level 1 in Evocations
    18 | D        | Reached XP level 2. HP: 8/22 MP: 8/8
    18 | D        | Reached XP level 3. HP: 9/27 MP: 9/9
   235 | D        | Learned a level 2 spell: Ensorcelled Hibernation
   239 | D        | Learned a level 3 spell: Confuse
   244 | D        | Noticed an ogre
   247 | D        | Killed an ogre
   247 | D        | Reached skill level 5 in Dodging
   247 | D        | Reached XP level 4. HP: 34/34 MP: 7/11
   286 | D        | Noticed Sigmund
   291 | D        | Killed Sigmund
   291 | D        | Reached skill level 5 in Short Blades
   291 | D        | Reached XP level 5. HP: 20/42 MP: 10/14
   291 | D        | Reached XP level 6. HP: 22/48 MP: 10/15
   460 | D        | Found a deep blue altar of Sif Muna.
   461 | D        | Found an ornate altar of the Wu Jian Council.
   462 | D        | Found a radiant altar of Vehumet.
   482 | D        | Found Ixaimu's Distillery.
   482 | D        | Found an ancient bone altar of Kikubaaqudgha.
   482 | D        | Found a hazy altar of Hepliaklqana.
   482 | D        | Found a stormy altar of Qazlal.
   482 | D        | Found a hide-covered altar of Uskayaw.
   482 | D        | Found a blossoming altar of Fedhas.
   482 | D        | Found a bloodstained altar of Trog.
   482 | D        | Found an iron altar of Okawaru.
   482 | D        | Found a basalt altar of Yredelemnul.
   482 | D        | Found a glowing golden altar of the Shining One.
   482 | D        | Found a snail-covered altar of Cheibriados.
   482 | D        | Found a sacrificial altar of Ru.
   482 | D        | Found a glowing silver altar of Zin.
   482 | D        | Found a shadowy altar of Dithmenos.
   482 | D        | Found a white marble altar of Elyvilon.
   482 | D        | Noticed a yak
   484 | D        | Killed a yak
   484 | D        | Reached skill level 5 in Fighting
   484 | D        | Reached skill level 5 in Long Blades
   484 | D        | Reached skill level 5 in Axes
   484 | D        | Reached skill level 5 in Maces & Flails
   484 | D        | Reached skill level 5 in Polearms
   484 | D        | Reached skill level 5 in Staves
   484 | D        | Reached skill level 5 in Slings
   484 | D        | Reached skill level 5 in Bows
   484 | D        | Reached skill level 5 in Crossbows
   484 | D        | Reached skill level 5 in Throwing
   484 | D        | Reached skill level 5 in Armour
   484 | D        | Reached skill level 5 in Shields
   484 | D        | Reached skill level 5 in Unarmed Combat
   484 | D        | Reached skill level 5 in Invocations
   484 | D        | Reached skill level 5 in Evocations
   484 | D        | Reached XP level 7. HP: 56/56 MP: 13/17
   485 | D        | Found an opulent altar of Gozag.
   488 | D        | Found a sparkling altar of Nemelex Xobeh.
   495 | D        | Became a worshipper of Zin the Law-Giver
   495 | D        | Reached * piety under Zin
   495 | D        | Reached ** piety under Zin
   495 | D        | Reached *** piety under Zin
   495 | D        | Reached **** piety under Zin
   495 | D        | Reached ***** piety under Zin
   495 | D        | Reached ****** piety under Zin
   503 | D        | Noticed Sonja
   507 | D        | Killed Sonja
   507 | D        | Reached skill level 5 in Conjurations
   507 | D        | Reached skill level 5 in Charms
   507 | D        | Reached skill level 5 in Summonings
   507 | D        | Reached skill level 5 in Necromancy
   507 | D        | Reached skill level 5 in Translocations
   507 | D        | Reached skill level 5 in Transmutations
   507 | D        | Reached skill level 5 in Fire Magic
   507 | D        | Reached skill level 5 in Ice Magic
   507 | D        | Reached skill level 5 in Air Magic
   507 | D        | Reached skill level 5 in Earth Magic
   507 | D        | Reached skill level 5 in Poison Magic
   507 | D        | Reached XP level 8. HP: 52/64 MP: 15/20
   601 | D        | Found Buowuit's Jewellery Boutique.
   621 | D        | Noticed a deep troll
   626 | D        | HP: 1/64 [deep troll (21)]
   626 | D        | Zin protects you from harm!
   627 | D        | Zin protects you from harm!
   629 | D        | Annihilated by a deep troll

Skill      XL: |  1  2  3  4  5  6  7 |
---------------+----------------------+-----
Fighting       | 1 2 4 5 6 |  6.2
Short Blades   | 3 4 5 6 |  6.7
Long Blades    | 1 2 4 5 6 |  6.2
Axes           | 1 2 4 5 6 |  6.2
Maces & Flails | 1 2 4 5 6 |  6.2
Polearms       | 1 2 4 5 6 |  6.2
Staves         | 1 2 4 5 6 |  6.2
Slings         | 1 2 4 5 6 |  6.2
Bows           | 1 2 4 5 6 |  6.2
Crossbows      | 1 2 4 5 6 |  6.2
Throwing       | 1 2 4 5 6 |  6.2
Armour         | 1 2 4 5 6 |  6.2
Stealth        | 6 7 8 |  8.7
Shields        | 1 2 4 5 6 |  6.2
Unarmed Combat | 1 2 4 5 6 |  6.2
Spellcasting   | 5 6 7 8 |  8.0
Conjurations   | 1 2 3 4 5 |  5.1
Charms         | 1 2 3 4 5 |  5.1
Summonings     | 1 2 3 4 5 |  5.1
Necromancy     | 1 2 3 4 5 |  5.1
Translocations | 1 2 3 4 5 |  5.1
Transmutations | 1 2 3 4 5 |  5.1
Fire Magic     | 1 2 3 4 5 |  5.1
Ice Magic      | 1 2 3 4 5 |  5.1
Air Magic      | 1 2 3 4 5 |  5.1
Earth Magic    | 1 2 3 4 5 |  5.1
Poison Magic   | 1 2 3 4 5 |  5.1
Invocations    | 1 3 4 5 6 |  6.8
Evocations     | 1 2 4 5 6 |  6.2
Dodging        | 5 6 7 |  7.8
Hexes          | 6 7 |  7.6

Action                   |  1- 3 |  4- 6 |  7- 9 || total
-------------------------+-------+-------+-------++-------
Melee: Dagger            |    16 |     4 |     1 ||    21
       Bite              |     3 |       |       ||     3
 Cast: Ensorcelled Hiber |     1 |     2 |     8 ||    11
  Use: Potion            |     1 |       |       ||     1
 Stab: Sleeping          |     1 |     4 |     1 ||     6
Armor: Robe              |     2 |       |     2 ||     4
Dodge: Dodged            |     4 |       |    12 ||    16
